AoeStats
← Gumar

Arena

509443411Analyzed
3v3 RM · 5d ago on Sep 26, 2026· 21m 47s· 6 players
Game mode
Random Map
Map size
Normal (6 player)
Population
200
Speed
Normal
Resources
Standard
Victory
Conquest
Starting age
Dark Age
Ending age
Imperial Age
RankedLock teamsTeams togetherTeam positionsShared explorationLock speedFull tech treeHidden civsTurbo modeCheats
Victory
Defeat
🇹🇷 Teutons · Türkiye
761
+26
🇹🇷 Spanish · Türkiye
705
+14
🇹🇷 Persians · Türkiye
639
+17
🇩🇪 Burgundians · Germany
673
-15
🇵🇱 Poles · Poland
666
-14
🇨🇿 Britons · Czechia
654
-14
Gumar
15:15 Feudal Age
16:53 Horse Collar
17:06 Double-Bit Axe
23:55 Castle Age
Radim
0:27 Loom
10:39 Feudal Age
12:20 Double-Bit Axe
17:12 Castle Age
16:36 Horse Collar
18:37 Town Watch
20:09 Stone Mining
21:30 Gold Mining
SCHLAWInER
5:16 Loom
7:42 Wheelbarrow
8:35 Double-Bit Axe
11:18 Feudal Age
11:18 Horse Collar
14:01 Bow Saw
14:45 Scale Barding Armor
18:29 Hand Cart
18:02 Town Watch
18:31 Heavy Plow
18:30 Gold Mining
18:32 Stone Mining
Rhii
11:17 Feudal Age
15:09 Castle Age
13:52 Stone Mining
14:02 Double-Bit Axe
15:18 Loom
rosaceous
11:35 Feudal Age
12:02 Double-Bit Axe
12:46 Horse Collar
19:22 Castle Age
20:05 Stone Mining
20:20 Gold Mining
HakkıManastırlı
14:21 Feudal Age
17:44 Wheelbarrow
17:22 Double-Bit Axe
17:29 Gold Mining
17:33 Stone Mining
21:00 Castle Age
Connection lost

Rejoining the realm…

Still unreachable

The connection could not be restored.

Session expired

The server has moved on; the page needs a fresh start.